Map: Pillars of Gold LE

Players

Reynor

  • Race: Zerg Zerg
  • Spawn Location: 7:00

Serral - Winner!

  • Race: Zerg Zerg
  • League: Master
  • Spawn Location: 1:00

Event: DreamHack SC2 Masters 2020 Summer Europe

VOD

Have the link to the VOD?

Description

Time

  • Played on: July 10, 2020, 2:04 p.m.
  • Length: 7:13

All games in this series

Show
View Real Time Build Order
Export as new Build Order

Reynor Zerg 

Build Orders: Hatch First 

Get SALT Encoding   

  12  0:00  Drone  
  13  0:12  Overlord  
  13  0:17  Drone  
  14  0:30  Drone x2  
  16  0:49  Hatchery  
  15  0:53  Drone  
  15  0:56  Drone  
  17  0:59  Drone  
  18  1:06  Extractor  
  17  1:16  Spawning Pool  
  16  1:19  Drone  
  16  1:22  Drone  
  18  1:28  Drone  
  19  1:38  Drone  
  20  1:49  Drone  
  21  2:02  Zergling x2  
  21  2:03  Overlord, Queen x2  
  26  2:09  Metabolic Boost  
  26  2:13  Drone  
  27  2:16  Drone  
  27  2:22  Drone x2  
  30  2:35  Zergling x4  
  32  2:44  Hatchery  
  32  2:46  Drone  
  32  2:50  Zergling x2  
  33  2:53  Overlord  
  33  2:55  Drone  
  34  3:09  Zergling x4  
  34  3:12  Zergling x4  
  37  3:13  Baneling Nest, Zergling x4  
  37  3:17  Zergling x2  
  37  3:18  Drone  
  40  3:20  Drone  
  40  3:23  Overlord  
  41  3:32  Drone x2  
  43  3:41  Queen  
  43  3:42  Drone x2  
  47  3:53  Drone x2  
  47  3:54  Drone x2  
  42  4:01  Overlord  
  40  4:05  Drone x4  
  44  4:11  Drone x2  
  44  4:13  Drone  
  44  4:17  Zergling x4  
  47  4:20  Zergling x2  
  47  4:22  Baneling x2  
  49  4:30  Lair  
  50  4:31  Drone  
  50  4:34  Drone  
  50  4:35  Drone  
  50  4:39  Drone x2  
  50  4:40  Drone  
  50  4:41  Extractor  
  50  4:43  Drone  
  51  4:47  Drone  
  51  4:50  Drone x2  
  51  4:51  Extractor  
  51  4:52  Drone, Extractor  
  53  4:54  Drone  
  53  4:59  Overlord  
  53  5:02  Drone x2  
  53  5:05  Drone x2  
  53  5:06  Drone  
  58  5:08  Drone  
  58  5:10  Baneling  
  58  5:12  Drone  
  58  5:13  Drone  
  61  5:15  Drone  
  61  5:18  Drone x2  
  61  5:20  Drone  
  64  5:21  Drone  
  64  5:22  Drone  
  65  5:30  Spire  
  65  5:31  Drone  
  65  5:34  Drone  
  65  5:35  Drone x2  
  67  5:39  Overlord  
  68  5:45  Zergling x8  
  68  5:46  Zergling x2  
  73  5:52  Zergling x2  
  73  5:54  Overlord  
  74  5:59  Drone x3  
  74  6:00  Evolution Chamber, Extractor  
  74  6:01  Zergling x2  
  74  6:03  Extractor  
  73  6:12  Spine Crawler  
  73  6:13  Spine Crawler  
  73  6:15  Baneling x6, Spine Crawler  
  73  6:16  Spine Crawler x2  
  73  6:17  Baneling x5  
  70  6:19  Zergling x2  
  70  6:23  Baneling x2  
  70  6:24  Spine Crawler  
  70  6:25  Zergling x4  
  72  6:26  Zergling x2  
  72  6:29  Baneling x4  
  73  6:39  Zergling x12  
  74  6:42  Zergling x8  
  74  6:46  Mutalisk  
  72  6:50  Zergling x6  
  72  6:51  Zergling x2  
  72  6:53  Baneling  
Show
View Real Time Build Order
Export as new Build Order

Serral Zerg - Winner!

Build Orders: Hatch First 

Get SALT Encoding   

  12  0:00  Drone  
  13  0:12  Overlord  
  13  0:17  Drone  
  14  0:31  Drone x2  
  16  0:49  Hatchery  
  15  0:52  Drone  
  15  0:56  Drone  
  17  1:00  Drone  
  18  1:10  Extractor  
  17  1:15  Spawning Pool  
  16  1:18  Drone  
  16  1:22  Drone  
  18  1:28  Drone  
  19  1:39  Drone  
  20  1:49  Drone  
  21  2:00  Overlord  
  21  2:01  Queen  
  21  2:02  Zergling x2, Queen  
  26  2:10  Metabolic Boost  
  26  2:11  Drone  
  27  2:16  Drone  
  28  2:24  Drone  
  28  2:25  Drone  
  30  2:37  Hatchery  
  30  2:40  Zergling x2  
  30  2:48  Baneling Nest  
  30  2:49  Drone  
  30  2:52  Overlord  
  30  2:55  Zergling x2  
  30  2:58  Drone  
  32  3:02  Zergling x2  
  33  3:12  Drone x2  
  34  3:13  Zergling x4  
  34  3:18  Zergling x4  
  38  3:23  Zergling x6  
  41  3:29  Evolution Chamber  
  41  3:32  Baneling x2  
  41  3:33  Baneling x2  
  40  3:35  Overlord  
  40  3:42  Baneling  
  40  3:43  Zergling x2  
  40  3:44  Drone x2  
  40  3:46  Drone  
  44  3:52  Drone x2  
  44  3:58  Drone x2  
  44  4:00  Drone  
  45  4:07  Drone x2  
  46  4:15  Queen  
  48  4:18  Zergling x2  
  48  4:19  Drone  
  50  4:25  Zerg Ground Armor Level 1  
  50  4:26  Drone  
  50  4:28  Drone  
  52  4:32  Drone x2  
  53  4:41  Drone  
  53  4:42  Roach Warren, Drone  
  53  4:44  Drone  
  55  4:49  Extractor x2  
  55  4:50  Overlord  
  55  4:52  Drone  
  53  4:54  Drone  
  53  4:56  Spore Crawler  
  54  5:00  Drone x2  
  54  5:03  Overlord  
  56  5:09  Drone  
  56  5:10  Overlord  
  57  5:16  Drone  
  58  5:23  Overlord  
  58  5:24  Overlord  
  58  5:26  Roach x4  
  65  5:30  Roach x2  
  65  5:35  Roach x2  
  73  5:37  Roach  
  73  5:39  Roach  
  77  5:44  Roach x2  
  77  5:49  Roach x2  
  85  5:53  Roach x2  
  89  5:57  Overlord  
  89  6:00  Overlord  
  89  6:03  Zergling x4  
  91  6:08  Zergling x6  
  94  6:14  Zergling x2  
  94  6:15  Zergling x6  
  98  6:19  Baneling x7  
  98  6:20  Baneling x2  
  98  6:21  Baneling  
  98  6:24  Zergling x2  
  98  6:25  Zergling x2  
  100  6:28  Zergling x4  
  98  6:43  Zergling x20  
  95  6:56  Zergling x4  
Tags
 
Add a new tag
Caveats
  • Supply blocks, unpowered buildings, or Contaminate may cause inaccurate times.
  • Supply counts are checked every 10 seconds.